 Dungeon Crawl Stone Soup version 0.20.0-8-g6b59dc7 (webtiles) character file.

1284 Morrissey the Cleaver (level 8, -23/71 HPs)
             Began as a Minotaur Berserker on June 2, 2017.
             Was a Priest of Trog.
             Killed from afar by Pikel (28 damage)
             ... with a wand of lightning (?/15)
             ... on level 5 of the Dungeon.
             The game lasted 00:08:25 (4121 turns).

Morrissey the Cleaver (Minotaur Berserker)          Turns: 4121, Time: 00:08:26

Health: -23/71     AC: 12    Str: 22    XL:     8   Next: 29%
Magic:  7/7        EV:  8    Int:  4    God:    Trog [***...]
Gold:   169        SH:  0    Dex: 12    Spells: 7/7 levels left

rFire    + . .     SeeInvis .   a - +0 hand axe
rCold    . . .     Gourm    .   (no shield)
rNeg     . . .     Faith    .   x - +0 plate armour
rPois    .         Spirit   .   (helmet restricted)
rElec    .         Reflect  .   (no cloak)
rCorr    .         Harm     .   (no gloves)
MR       .....                  (no boots)
Stlth    ..........             (no amulet)
Regen    0.3/turn               v - ring of protection from fire
MPRegen  0.1/turn               (no ring)

@: berserk cooldown
A: retaliatory headbutt, horns 2
a: Berserk, Trog's Hand, Burn Spellbooks, Renounce Religion


You were on level 5 of the Dungeon.
You worshipped Trog.
Trog was most pleased with you.
You were hungry.

You visited 1 branch of the dungeon, and saw 5 of its levels.

You collected 169 gold pieces.

Inventory:

Hand Weapons
 a - a +0 hand axe (weapon)
Missiles
 w - 8 steel tomahawks (quivered)
Armour
 x - a +0 plate armour (worn)
Jewellery
 v - a ring of protection from fire (left hand)
Wands
 b - a wand of random effects (38/48)
Scrolls
 d - 10 scrolls of identify {unknown}
 f - 2 scrolls of amnesia {unknown}
 j - 2 scrolls of fog {unknown}
 l - 4 scrolls of remove curse {unknown}
 n - a scroll of enchant weapon {unknown}
 p - a scroll of recharging {unknown}
 r - 3 scrolls of teleportation {unknown}
Potions
 e - a potion of mutation {unknown}
 g - a potion of resistance {unknown}
 h - a potion of brilliance {unknown}
 i - 2 potions of curing
 k - a potion of invisibility {unknown}
 m - a potion of berserk rage {unknown}
 q - 2 potions of lignification {unknown}
 t - 2 potions of degeneration {unknown}
 u - a potion of ambrosia {unknown}
 z - a potion of agility {unknown}
Comestibles
 c - 7 bread rations
 o - 2 fruits
 s - 3 royal jellies
 A - a chunk of flesh


   Skills:
 + Level 6.5 Fighting
 * Level 8.5 Axes
 + Level 5.9 Armour
 + Level 5.1 Dodging


You had 7 spell levels left.
You didn't know any spells.

Dungeon Overview and Level Annotations

Branches:
Dungeon (5/15)             Temple (0/1) D:5

Altars:
Ashenzari
Fedhas
Trog

Annotations:
D:5 Pikel


Innate Abilities, Weirdness & Mutations

You reflexively headbutt those who attack you in melee.
You have a pair of horns on your head.


Message History

Pikel is moderately wounded.
You feel yourself speed up.
Pikel hits you with a whip of electrocution.
* * * LOW HITPOINT WARNING * * *
You are feeling hungry.
You hit Pikel but do no damage. Your headbutt misses Pikel.
Pikel is moderately wounded.
Pikel hits you with a whip of electrocution.
* * * LOW HITPOINT WARNING * * *
You are electrocuted!
* * * LOW HITPOINT WARNING * * *
It was a potion of curing.
You feel better.
Pikel says, "I knew I should've brought a map."
Pikel closely misses you.
Pikel zaps a wand.
The bolt of lightning misses you. The bolt of lightning hits you!
* * * LOW HITPOINT WARNING * * *
It is a wand of lightning (?/15).
Pikel zaps a wand.
The bolt of lightning hits you!
You die...

..........# #.#
#.#
########.#####.#
#)#
.............#.#
#.#
#######p####.#.#
#.# #p# #.#.# #.#
#p# #.#.# #.# #.#
#.#.# #.#
#K####.#.##### #.#
#...@........# #.#
######.#.###.###.#
###.#...#.#...#
>......#.#.###
##.#####.#.#
#####.......#.#
##.............#
.........#######
##.#####.#


You could see Pikel.

Vanquished Creatures
  The ghost of Darkell the Chiller, an amateur DsIE (D:4)
  Edmund (D:5)
  The ghost of Gitz the Chopper, an amateur MiBe of Trog (D:3)
  An ogre (D:4)
  3 phantoms
  Blork the orc (D:4)
  A scorpion (D:5)
  2 howler monkeys (D:4)
  A jelly (D:5)
  A bullfrog zombie (D:5)
  A bullfrog skeleton (D:5)
  An orc priest (D:5)
  An orc wizard (D:4)
  Ijyb (D:5)
  An iguana (D:5)
  2 worker ants
  A hound zombie (D:5)
  8 adders
  2 adder skeletons (D:4)
  3 worms
  4 dart slugs
  4 leopard geckos
  5 orcs
  12 bats
  3 giant cockroaches
  7 goblins
  4 hobgoblins
  3 jackals (D:4)
  A quokka (D:3)
  4 frilled lizards
  3 kobolds
  A leopard gecko skeleton (D:4)
  10 rats
95 creatures vanquished.

Notes
Turn   | Place    | Note
-------+----------+-------------------------------------------
     0 | D:1      | Morrissey the Minotaur Berserker began the quest for the Orb.
     0 | D:1      | Reached XP level 1. HP: 19/19 MP: 0/0
   211 | D:1      | Reached XP level 2. HP: 27/27 MP: 1/1
   262 | D:1      | Reached skill level 4 in Axes
  1006 | D:2      | Reached XP level 3. HP: 30/33 MP: 2/2
  1021 | D:2      | Reached ** piety under Trog
  1720 | D:2      | Reached XP level 4. HP: 39/40 MP: 3/3
  1929 | D:3      | Noticed Gitz's ghost (amateur MiBe)
  1937 | D:3      | Killed Gitz's ghost
  1937 | D:3      | Reached skill level 5 in Axes
  1937 | D:3      | Reached XP level 5. HP: 47/47 MP: 4/4
  2178 | D:3      | Found a bloodstained altar of Trog.
  2735 | D:4      | Found a blossoming altar of Fedhas.
  2847 | D:4      | Noticed a phantom
  2852 | D:4      | Reached skill level 6 in Axes
  2852 | D:4      | Reached XP level 6. HP: 53/53 MP: 5/5
  2856 | D:4      | Reached *** piety under Trog
  2876 | D:5      | Entered Level 5 of the Dungeon
  3038 | D:4      | Reached skill level 5 in Fighting
  3085 | D:4      | Noticed Darkell's ghost (amateur DsIE)
  3108 | D:4      | Killed Darkell's ghost
  3108 | D:4      | Reached skill level 7 in Axes
  3108 | D:4      | Reached XP level 7. HP: 36/61 MP: 6/6
  3456 | D:4      | Reached skill level 5 in Armour
  3514 | D:4      | Noticed Blork the orc
  3521 | D:4      | Killed Blork the orc
  3682 | D:5      | Found a staircase to the Ecumenical Temple.
  3696 | D:5      | Found a shattered altar of Ashenzari.
  3738 | D:5      | Noticed Ijyb
  3747 | D:5      | Killed Ijyb
  3774 | D:5      | Reached skill level 8 in Axes
  3774 | D:5      | Reached XP level 8. HP: 54/70 MP: 7/7
  4020 | D:5      | Reached skill level 5 in Dodging
  4077 | D:5      | Noticed Edmund
  4085 | D:5      | Killed Edmund
  4102 | D:5      | Noticed Pikel
  4121 | D:5      | Killed from afar by Pikel

Skill      XL: |  1  2  3  4  5  6  7  8 |
---------------+-------------------------+-----
Axes           | 4 5 6 7 8 |  8.5
Fighting       | 4 5 6 |  6.5
Armour         | 3 4 5 |  5.9
Dodging        | 3 4 5 |  5.1

Action                   |  1- 3 |  4- 6 |  7- 9 || total
-------------------------+-------+-------+-------++-------
Melee: Hand axe          |    81 |   113 |   102 ||   296
       Headbutt          |     6 |    22 |    28 ||    56
Invok: Berserk           |     1 |     3 |     1 ||     5
       Trog's Hand       |       |     1 |       ||     1
  Use: Potion            |       |       |     1 ||     1
  Eat: Chunk             |     3 |     6 |     1 ||    10
       Meat ration       |       |     1 |       ||     1
Armor: Animal skin       |    23 |       |       ||    23
       Chain mail        |     9 |    21 |       ||    30
       Plate armour      |       |    37 |    52 ||    89
Dodge: Dodged            |    50 |    47 |    30 ||   127
